 Dungeon Crawl Stone Soup version 0.26.1-2-gb8aa6d0cf2 (webtiles) character file.

Game seed: 18428006333246798934

3280 windgrace the Nimble (level 10, -1/80 HPs)
             Began as a Gnoll Monk on Feb 16, 2021.
             Was a High Priest of Wu Jian.
             Slain by Harold
             ... wielding a +1 scimitar of protection
              (17 damage)
             ... on level 7 of the Dungeon.
             The game lasted 00:31:42 (6849 turns).

windgrace the Nimble (Gnoll Monk)                   Turns: 6849, Time: 00:31:44

Health: -1/80      AC: 27    Str: 15    XL:     10   Next: 0%
Magic:  17/17      EV: 16    Int: 13    God:    Wu Jian [*****.]
Gold:   35         SH: 17    Dex: 19    Spells: 18/18 levels left

rFire    . . .     SeeInvis .   F - +5 rapier
rCold    . . .     Faith    .   M - +2 kite shield
rNeg     + . .     Spirit   .   H - +16 Cigotuvi's embrace {rMiasma *Drain rN+}
rPois    .         Reflect  +   A - +0 helmet
rElec    .         Harm     .   g - +0 cloak
rCorr    .         Rampage  .   (no gloves)
Will     .....                  J - +0 pair of boots
Stlth    +++.......             w - amulet of reflection
HPRegen  0.23/turn              z - ring of wizardry
MPRegen  0.15/turn              D - +4 ring of protection

@: marked
A: distributed training, fangs 1, strong nose
a: Renounce Religion, Wall Jump, Serpent's Lash, Heavenly Storm


You were on level 7 of the Dungeon.
You worshipped Wu Jian.
Wu Jian was extremely pleased with you.
You visited 1 branch of the dungeon, and saw 7 of its levels.
You also visited: Sewer.

You collected 402 gold pieces.
You spent 367 gold pieces at shops.

Inventory:

Hand Weapons
 a - a +1 falchion
 o - a +0 hunting sling
 E - a +1 morningstar of holy wrath
 F - a +5 rapier (weapon)
Missiles
 i - 9 poisoned darts
 m - 92 sling bullets
 r - 5 javelins (quivered)
Armour
 b - a +0 robe
 d - a +0 leather armour
 e - a +0 leather armour
 g - a +0 cloak (worn)
 l - a +0 kite shield
 A - a +0 helmet (worn)
 C - a +1 chain mail
 G - a scarf of harm
 H - the +16 Cigotuvi's embrace (worn) {rMiasma *Drain rN+}
   (You bought it in a shop on level 6 of the Dungeon)

   It protects you from negative energy.
   It causes draining when unequipped.
 J - a +0 pair of boots (worn)
 K - the +4 robe of the Farmer {*Drain rC++ Dex+4}
   (You took it off an orc on level 6 of the Dungeon)

   It affects your dexterity (+4).
   It greatly protects you from cold.
   It causes draining when unequipped.
 M - a +2 kite shield (worn)
Jewellery
 w - an amulet of reflection (around neck)
 z - a ring of wizardry (left hand)
 D - a +4 ring of protection (right hand)
 N - an uncursed amulet of inaccuracy
 P - an uncursed ring of willpower {unknown}
Wands
 t - a wand of flame (19)
 u - a wand of random effects (7)
Scrolls
 c - 10 scrolls of identify
 f - 5 scrolls of enchant armour
 n - a scroll of teleportation
 y - a scroll of enchant weapon
 B - a scroll of amnesia
 O - 3 scrolls of fear {unknown}
Potions
 h - 5 potions of haste {unknown}
 j - 6 potions of curing
 k - 4 potions of might {unknown}
 p - 3 potions of flight {unknown}
 q - 2 potions of berserk rage {unknown}
 s - a potion of resistance {unknown}
 v - a potion of ambrosia {unknown}
 x - a potion of lignification {unknown}
 I - 3 potions of degeneration {unknown}
 L - a potion of brilliance {unknown}


   Skills:
 + Level 8.2 Fighting
 + Level 4.8 Short Blades
 + Level 8.2 Long Blades
 + Level 4.8 Axes
 + Level 4.8 Maces & Flails
 + Level 4.8 Polearms
 + Level 4.8 Staves
 + Level 4.8 Slings
 + Level 4.8 Bows
 + Level 4.8 Crossbows
 + Level 4.8 Throwing
 + Level 4.8 Armour
 + Level 8.2 Dodging
 + Level 6.4 Stealth
 + Level 4.8 Shields
 + Level 4.8 Unarmed Combat
 + Level 4.8 Spellcasting
 + Level 3.9 Conjurations
 + Level 3.9 Hexes
 + Level 3.9 Summonings
 + Level 3.9 Necromancy
 + Level 3.9 Translocations
 + Level 3.9 Transmutations
 + Level 3.9 Fire Magic
 + Level 3.9 Ice Magic
 + Level 3.9 Air Magic
 + Level 3.9 Earth Magic
 + Level 3.9 Poison Magic
 + Level 5.2 Invocations
 + Level 4.8 Evocations


You had 18 spell levels left.
You didn't know any spells.
Your spell library was empty.

Dungeon Overview and Level Annotations

Branches:
Dungeon (7/15)              Sewer (visited)
 Temple: D:4-7

Altars:
Cheibriados
Elyvilon
Fedhas
Kikubaaqudgha
Nemelex Xobeh
Qazlal
Ru
Sif Muna
Trog
Wu Jian
Beogh

Shops:
D:6 *

Annotations:
D:7 Harold, Prince Ribbit


Innate Abilities, Weirdness & Mutations

Your experience applies equally to all skills.
You have very sharp teeth.
Your uncanny sense of smell can sniff out nearby items.


Message History

You destroy the vampire bat!
The Council accepts your kill.
You have reached level 10!
You hit the ice beast.
The ice beast is heavily wounded.
The ice beast barely misses you.
Prince Ribbit blinks!
You spin and attack Harold.
You barely miss Harold. You bite Harold, but do no damage.
Harold is moderately wounded.
A chunk of your corpse armour falls away.
You block the bat skeleton's attack. x2; You block Harold's attack.
The bat skeleton hits you but does no damage.
You spin and attack the bat skeleton.
You hit the bat skeleton.
The bat skeleton is heavily damaged.
You spin and attack Harold.
You barely miss Harold.
Harold is moderately wounded.
The bat skeleton hits you but does no damage.
You block the bat skeleton's attack.
Harold hits you with a +1 scimitar of protection!
You die...

##o⌠.#.⌠.###s.zz.....
##z#@#.#.#.##....z##..
#zz.#z⌠.#.⌠Z#.....z...
##.#z#.#.#.##.........
#z#.⌠.#.⌠.#.#.........
##Z#.#.#.#.##.........
#.⌠z#z..#.⌠.#.........
##z#@Z.⌠.#.##.........
##.Y@_..$# #..##.....
##.⌠.⌠.##∆.... .....
####### ..... .....
...... .##..


You could see Harold, an ice beast, 5 wights, a bat zombie and 2 bat skeletons.

Vanquished Creatures
  The ghost of ew1980 the Digger, a novice HOEE of Vehumet (D:6)
  Grinder (D:3)
  Sigmund (D:2)
  Duvessa (D:6)
  2 orc warriors (D:6)
  An ice beast (D:6)
  A sky beast (D:6)
  A black bear (D:7)
  4 ogres
  2 centaurs
  A big kobold (Sewer)
  5 bullfrogs
  A wyvern skeleton (D:6)
  Dowan (D:6)
  3 scorpions
  A wight (D:7)
  2 howler monkeys (D:7)
  A vampire bat (D:7)
  2 bullfrog zombies
  3 jellies
  3 orc wizards
  3 orc priests
  2 hounds
  Terence (D:3)
  5 worker ants
  3 gnolls (D:6)
  A howler monkey skeleton (D:4)
  A worker ant zombie (D:7)
  4 adders
  2 shadow imps
  A white imp (D:7)
  An ufetubus (D:5)
  3 oozes
  An adder skeleton (D:5)
  5 worms
  4 leopard geckos
  23 orcs
  8 bats
  A bat skeleton (D:7)
  3 bat zombies (D:7)
  13 giant cockroaches
  3 goblins
  6 hobgoblins
  5 quokkas
  3 ball pythons
  3 frilled lizards
  A giant cockroach zombie (D:5)
  21 kobolds
  7 rats
172 creatures vanquished.

Vanquished Creatures (others)
  A quokka (D:6)
  10 plants
11 creatures vanquished.

Grand Total: 183 creatures vanquished

Notes
Turn   | Place    | Note
-------+----------+-------------------------------------------
     0 | D:1      | windgrace the Gnoll Monk began the quest for the Orb.
     0 | D:1      | Reached XP level 1. HP: 23/23 MP: 1/1
   372 | D:1      | Reached XP level 2. HP: 29/29 MP: 2/2
   934 | D:2      | Found a sacrificial altar of Ru.
  1469 | D:2      | Reached XP level 3. HP: 23/35 MP: 3/3
  1579 | D:2      | Found an ornate altar of the Wu Jian Council.
  1626 | D:2      | Became a worshipper of the Wu Jian Council
  1626 | D:2      | Reached * piety under Wu Jian
  1626 | D:2      | Reached ** piety under Wu Jian
  1642 | D:2      | Reached skill level 1 in Invocations
  1725 | D:2      | Noticed Sigmund
  1753 | D:2      | Killed Sigmund
  1754 | D:2      | Reached skill level 1 in Short Blades
  1754 | D:2      | Reached skill level 1 in Axes
  1754 | D:2      | Reached skill level 1 in Maces & Flails
  1754 | D:2      | Reached skill level 1 in Polearms
  1754 | D:2      | Reached skill level 1 in Staves
  1754 | D:2      | Reached skill level 1 in Slings
  1754 | D:2      | Reached skill level 1 in Bows
  1754 | D:2      | Reached skill level 1 in Crossbows
  1754 | D:2      | Reached skill level 1 in Throwing
  1754 | D:2      | Reached skill level 1 in Armour
  1754 | D:2      | Reached skill level 1 in Shields
  1754 | D:2      | Reached skill level 1 in Unarmed Combat
  1754 | D:2      | Reached skill level 1 in Spellcasting
  1754 | D:2      | Reached skill level 1 in Conjurations
  1754 | D:2      | Reached skill level 1 in Hexes
  1754 | D:2      | Reached skill level 1 in Summonings
  1754 | D:2      | Reached skill level 1 in Necromancy
  1754 | D:2      | Reached skill level 1 in Translocations
  1754 | D:2      | Reached skill level 1 in Transmutations
  1754 | D:2      | Reached skill level 1 in Fire Magic
  1754 | D:2      | Reached skill level 1 in Ice Magic
  1754 | D:2      | Reached skill level 1 in Air Magic
  1754 | D:2      | Reached skill level 1 in Earth Magic
  1754 | D:2      | Reached skill level 1 in Poison Magic
  1754 | D:2      | Reached skill level 1 in Evocations
  1754 | D:2      | Reached XP level 4. HP: 23/41 MP: 4/6
  1754 | D:2      | Reached XP level 5. HP: 26/47 MP: 4/7
  2371 | D:3      | Noticed Grinder
  2380 | D:3      | Killed Grinder
  2381 | D:3      | Reached XP level 6. HP: 46/53 MP: 7/9
  2724 | D:3      | Noticed Terence
  2747 | D:3      | Killed Terence
  2927 | D:3      | Reached XP level 7. HP: 59/59 MP: 10/10
  2931 | D:3      | Found a blossoming altar of Fedhas.
  3027 | D:3      | Found a snail-covered altar of Cheibriados.
  3027 | D:3      | Found a stormy altar of Qazlal.
  3161 | D:3      | Found a faded altar of an unknown god.
  3864 | D:4      | Found a sparkling altar of Nemelex Xobeh.
  4090 | D:4      | Found a shimmering blue altar of Sif Muna.
  4457 | D:5      | Entered Level 5 of the Dungeon
  4471 | D:5      | Reached skill level 5 in Stealth
  4654 | D:5      | Reached XP level 8. HP: 63/67 MP: 10/12
  4720 | D:5      | Found a bloodstained altar of Trog.
  5127 | D:5      | Reached *** piety under Wu Jian
  5308 | D:6      | Found Biusocu's General Store.
  5342 | D:6      | Bought the +4 Cigotuvi's embrace {rMiasma *Drain rN+} for
                  | 331 gold pieces
  5342 | D:6      | Found the +4 Cigotuvi's embrace {rMiasma *Drain rN+}
  5460 | D:6      | Noticed Duvessa
  5461 | D:6      | Found a white marble altar of Elyvilon.
  5479 | D:6      | Killed Duvessa
  5511 | D:6      | Bought a scroll of remove curse for 36 gold pieces
  5534 | D:6      | Noticed Dowan
  5545 | D:6      | Killed Dowan
  5586 | D:6      | Found a runed translucent gate.
  5586 | D:6      | Identified the cursed +0 chain mail of Experimentation
                  | {*Slow Will+ Int+2 SInv}
  5587 | D:6      | Noticed ew1980's ghost (novice HOEE)
  5587 | D:6      | Found a runed translucent gate.
  5588 | D:6      | Found a runed translucent gate.
  5595 | D:6      | Found a roughly hewn altar of Beogh.
  5658 | D:6      | Found a glowing drain.
  5687 | Sewer    | Entered a sewer
  5710 | Sewer    | Reached **** piety under Wu Jian
  5874 | Sewer    | Reached XP level 9. HP: 72/72 MP: 14/14
  6184 | D:6      | Identified the +4 robe of the Farmer {*Drain rC++ Dex+4}
  6223 | D:6      | Killed ew1980's ghost
  6699 | D:7      | Noticed Harold
  6720 | D:7      | Noticed Prince Ribbit
  6735 | D:7      | Reached skill level 5 in Invocations
  6838 | D:7      | Found an ancient bone altar of Kikubaaqudgha.
  6839 | D:7      | Reached ***** piety under Wu Jian
  6846 | D:7      | Reached XP level 10. HP: 15/80 MP: 17/17
  6849 | D:7      | Slain by Harold

Illustrated notes

Levels and vault maps discovered:
D:1:      giann_horns, layout_basic
D:2:      wad_woods_stonehenge, layout_basic, nicolae_ru_path_of_blood,
          uniq_sigmund
D:3:      layout_basic, grunt_temple_overflow_open,
          chequers_ecumenical_altar_simple, fedhas_altar_2, uniq_terence,
          uniq_grinder
D:4:      layout_basic, lemuel_blue_sif_altar,
          nemelex_xobeh_ov_fountains_minmay, serial_curves, eino_curves_03,
          eino_curves_01, eino_curves_04, eino_curves_01
D:5:      layout_gridville, basic_altar
D:6:      layout_rooms, serial_shops, nicolae_shop_trees, gup_sewer_entry_glass,
          biasface_ghost_orc_armoury, serial_bayou_pond_a, elyvilon_altar_4,
          uniq_duvessa
D:7:      layout_cave_pools, kennysheep_mini_moat, kennysheep_vampire_church,
          minmay_temple_entry_slanted, enter_bailey_7,
          ebering_dispersal_statue_hall, minmay_misc_feat_tiny,
          uniq_prince_ribbit1, uniq_harold

Skill      XL: |  1  2  3  4  5  6  7  8  9 |
---------------+----------------------------+-----
Invocations    | 1 2 3 4 5 |  5.2
Short Blades   | 1 2 3 4 |  4.8
Axes           | 1 2 3 4 |  4.8
Maces & Flails | 1 2 3 4 |  4.8
Polearms       | 1 2 3 4 |  4.8
Staves         | 1 2 3 4 |  4.8
Slings         | 1 2 3 4 |  4.8
Bows           | 1 2 3 4 |  4.8
Crossbows      | 1 2 3 4 |  4.8
Throwing       | 1 2 3 4 |  4.8
Armour         | 1 2 3 4 |  4.8
Shields        | 1 2 3 4 |  4.8
Unarmed Combat | 1 2 3 4 |  4.8
Spellcasting   | 1 2 3 4 |  4.8
Conjurations   | 1 2 3 |  3.9
Hexes          | 1 2 3 |  3.9
Summonings     | 1 2 3 |  3.9
Necromancy     | 1 2 3 |  3.9
Translocations | 1 2 3 |  3.9
Transmutations | 1 2 3 |  3.9
Fire Magic     | 1 2 3 |  3.9
Ice Magic      | 1 2 3 |  3.9
Air Magic      | 1 2 3 |  3.9
Earth Magic    | 1 2 3 |  3.9
Poison Magic   | 1 2 3 |  3.9
Evocations     | 1 2 3 4 |  4.8
Fighting       | 7 8 |  8.2
Long Blades    | 7 8 |  8.2
Dodging        | 7 8 |  8.2
Stealth        | 5 6 |  6.4

Action                   |  1- 3 |  4- 6 |  7- 9 | 10-12 || total
-------------------------+-------+-------+-------+-------++-------
Melee: Falchion          |    97 |    64 |   141 |       ||   302
       Bite              |    17 |    10 |    58 |     1 ||    86
       Morningstar       |       |       |   237 |       ||   237
       Rapier            |       |       |   172 |     4 ||   176
 Fire: Hunting sling     |       |    14 |    25 |       ||    39
Throw: Javelin           |       |       |     3 |       ||     3
Invok: Lunge             |     2 |     2 |    35 |       ||    39
       Whirlwind         |       |       |   222 |     3 ||   225
       Serpent's Lash    |       |       |     1 |       ||     1
 Abil: Wall Jump         |       |       |     3 |       ||     3
  Use: Scroll            |       |       |    12 |       ||    12
       Potion            |       |       |     3 |       ||     3
 Stab: Sleeping          |    10 |     2 |    16 |       ||    28
       Distracted        |       |       |     1 |       ||     1
       Held in net/web   |       |       |     1 |       ||     1
Armor: Leather armour    |    14 |     3 |    97 |     2 ||   116
Dodge: Dodged            |    44 |    14 |   209 |     1 ||   268
Block: Kite shield       |    21 |    11 |   340 |     4 ||   376
       Reflection        |       |       |    13 |       ||    13
       Rpst.: Falchion   |    12 |     5 |    11 |       ||    28
